 Dungeon Crawl Stone Soup version 0.17-a0-1248-g117de50 (webtiles) character file.

3948 Zwobot the Fighter (level 10, -11/73 HPs)
             Began as an Octopode Gladiator on June 5, 2015.
             Was a Follower of Dithmenos.
             Mangled by Snorg (16 damage)
             ... on level 10 of the Dungeon.
             The game lasted 00:46:15 (11300 turns).

Zwobot the Fighter (Octopode Gladiator)            Turns: 11300, Time: 00:46:15

Health: -11/73     AC:  3    Str: 15    XL:     10   Next: 21%
Magic:  10/10      EV: 19    Int: 14    God:    Dithmenos [*.....]
Gold:   188        SH:  6    Dex: 19    Spells: 2 memorised, 6 levels left

rFire  . . .     SeeInvis .     a - +4 short sword (elec)
rCold  . . .     Clarity  .     I - +0 buckler
rNeg   . . .     SustAt   .     l - +2 hat
rPois  +         Gourm    .     (no amulet)
rElec  .         Spirit   .     v - ring of Ilumecaf {rPois Int+3 Dex+4}
rCorr  .         Warding  .     (no ring)
rMut   .         Stasis   .     (no ring)
MR     .....                    (no ring)
Stlth  +++++.....               (no ring)
                                (no ring)
                                (no ring)
                                (no ring)

@: wreathed by umbra, not resistant to hostile enchantments, quite stealthy
A: almost no armour, amphibious, 8 rings, constrict 8, camouflage 1, gelatinous
body 1
a: Renounce Religion


You were on level 10 of the Dungeon.
You worshipped Dithmenos.
Dithmenos was aware of your devotion.
You were not hungry.

You visited 2 branches of the dungeon, and saw 11 of its levels.
You also visited: Sewer.

You collected 475 gold pieces.
You spent 287 gold pieces at shops.

Inventory:

Hand weapons
 a - a +4 short sword of electrocution (weapon)
 b - a +0 blowgun
 A - a +2 long sword of slicing
Missiles
 j - 264 stones (quivered)
 o - 4 tomahawks
 u - 23 poisoned needles
Armour
 l - a +2 hat (worn)
 I - a +0 buckler (worn)
Jewellery
 v - the ring of Ilumecaf (left tentacle) {rPois Int+3 Dex+4}
   (You found it on level 5 of the Dungeon)

   [ring of poison resistance]

   It affects your intelligence (+3).
   It affects your dexterity (+4).
   It protects you from poison.
Magical devices
 f - a wand of confusion (25)
 h - a wand of random effects (21)
 n - a wand of flame (24)
 y - a wand of random effects (33)
 O - a wand of magic darts (18)
Scrolls
 g - 8 scrolls of teleportation
 k - 2 scrolls of magic mapping
 m - a scroll of amnesia
 p - a scroll of noise {unknown}
 q - 2 scrolls of enchant armour
 B - a scroll of random uselessness {unknown}
 E - 3 scrolls of remove curse {unknown}
 G - a scroll of brand weapon {unknown}
 K - 2 scrolls of recharging {unknown}
 L - a scroll of acquirement {unknown}
 N - a scroll of blinking {unknown}
Potions
 e - 8 potions of curing
 i - 3 potions of flight
 r - 3 potions of ambrosia
 t - a potion of heal wounds
 z - a potion of mutation
 C - a potion of might {unknown}
 D - 2 potions of cancellation
 J - a potion of haste {unknown}
Books
 s - a book of Spatial Translocations

   Spells                             Type                      Level
   a - Apportation                    Translocation                1
   b - Blink                          Translocation                2
   c - Shroud of Golubria             Charms/Translocation         2
   d - Portal Projectile              Translocation                3
   e - Teleport Other                 Translocation                3
   f - Passage of Golubria            Translocation                4
 x - a book of Debilitation

   Spells                             Type                      Level
   a - Corona                         Hexes                        1
   b - Slow                           Hexes                        2
   c - Gell's Gravitas                Hexes/Translocation          3
   d - Inner Flame                    Hexes/Fire                   3
   e - Cause Fear                     Hexes                        4
   f - Leda's Liquefaction            Hexes/Earth                  4
 M - Sif Muna's Tome of Snow
   (You found it on level 9 of the Dungeon)

   Spells                             Type                      Level
   a - Throw Icicle                   Conjuration/Ice              4
   b - Condensation Shield            Ice                          4
   c - Metabolic Englaciation         Hexes/Ice                    5
   d - Ozocubu's Refrigeration        Ice                          6
Comestibles
 d - 4 bread rations {@e1}
 w - 6 meat rations {@e2}
 F - 32 fruits
 H - 2 chunks of flesh {@w0}


   Skills:
 - Level 8.6 Fighting
 - Level 4.1(5.6) Short Blades
 - Level 5.9(6.5) Long Blades
 - Level 2.0 Throwing
 - Level 8.5 Dodging
 - Level 5.0 Stealth
 + Level 4.0 Shields


You had 6 spell levels left.
You knew the following spells:

 Your Spells              Type           Power        Failure   Level  Hunger
a - Blink                 Tloc           N/A          43%         2    ###....
b - Apportation           Tloc           #.........   30%         1    ##.....


Dungeon Overview and Level Annotations

Branches:
Dungeon (10/15)            Temple (1/1) D:6
   Lair: D:8-11         Orc: D:9-12

Altars:
Ashenzari
Cheibriados
Dithmenos
Elyvilon
Fedhas
Gozag
Kikubaaqudgha
Makhleb
Nemelex Xobeh
Okawaru
Qazlal
Ru
Sif Muna
Trog
Vehumet
Xom
Yredelemnul
Zin
The Shining One

Shops:
D:5 *   D:7 !

Annotations:
D:2 1 exclusion
D:3 Natasha
D:8 Psyche
D:10 Snorg


Innate Abilities, Weirdness & Mutations

You cannot wear most types of armour.
You are amphibious.
You can wear up to eight rings at the same time.
You can use your tentacles to constrict eight enemies at once.
Your skin changes colour to match your surroundings (Stealth).
Your rubbery body absorbs attacks (AC +1).


Message History

Snorg completely misses you. Snorg misses you. Snorg closely misses you.
You take 49 damage, and have 10/73 hp.
MASSIVE DAMAGE!!
You hit Snorg.
There is a sudden explosion of sparks!
You squeeze Snorg! You block Snorg's attack. Snorg misses you.
Snorg closely misses you.
Drink which item? (? for menu, Esc to quit)
You feel much better. Snorg bites you. Snorg claws you!
* * * LOW HITPOINT WARNING * * *
Snorg claws you!
* * * LOW HITPOINT WARNING * * *
You take 9 damage, and have 1/73 hp.
Drink which item? (? for menu, Esc to quit)
Okay, then.
Read which item? (? for menu, Esc to quit)
Okay, then.
Drink which item? (? for menu, Esc to quit)
You feel much better. Snorg bites you but does no damage.
Snorg completely misses you. Snorg claws you!!
* * * LOW HITPOINT WARNING * * *
You block Snorg's attack. Snorg claws you!
You die...

########
#.....<########
##.###.........#
......'.........+
...####.........#
#..@......#
#...T.....#
#...?.....#
#.........#
#.........#
#.........#
...........
###########.


You could see Snorg (berserk).

Vanquished Creatures
  2 steam dragons
  The ghost of Zwobot the Slasher, an average OpSk of Kikubaaqudgha (D:4)
  Edmund (D:4)
  A hungry ghost (D:8)
  6 orc warriors
  A black bear (D:9)
  4 ogres
  2 centaurs
  A wasp (D:8)
  2 phantoms
  A big kobold (D:8)
  A giant frog (D:9)
  3 killer bees (D:9)
  A gnoll sergeant (D:7)
  5 crimson imps
  2 quasits
  6 orc priests
  A jelly (D:8)
  9 hounds
  A gnoll shaman (D:4)
  Jessica (D:3)
  4 iguanas
  7 orc wizards
  5 worker ants
  A hound skeleton (D:5)
  2 worker ant zombies
  6 adders
  9 gnolls
  2 shadow imps
  An ooze (D:2)
  2 adder skeletons
  An adder zombie (D:4)
  8 giant geckos
  24 orcs
  18 bats
  2 bat skeletons (D:4)
  A bat zombie (D:6)
  12 giant cockroaches
  19 hobgoblins
  8 jackals
  3 quokkas
  A ball python (Sewer)
  7 giant newts
  12 goblins
  10 kobolds
  A quokka skeleton (D:6)
  A quokka zombie (D:6)
  13 rats
232 creatures vanquished.

Notes
Turn   | Place    | Note
--------------------------------------------------------------
     0 | D:1      | Zwobot the Octopode Gladiator began the quest for the Orb.
     0 | D:1      | Reached XP level 1. HP: 14/14 MP: 1/1
   301 | D:1      | Reached XP level 2. HP: 19/19 MP: 2/2
   802 | D:1      | Reached skill level 4 in Dodging
   881 | D:1      | Reached XP level 3. HP: 24/24 MP: 3/3
  1453 | D:2      | Found a glowing silver altar of Zin.
  1453 | D:2      | Noticed an angel
  1708 | D:3      | Reached XP level 4. HP: 29/29 MP: 4/4
  1886 | D:3      | Found a radiant altar of Vehumet.
  2106 | D:3      | Reached skill level 5 in Dodging
  2118 | D:3      | Noticed Natasha
  2287 | D:4      | Found a glowing drain.
  2291 | Sewer    | Entered a sewer
  2563 | Sewer    | Noticed a giant frog
  2752 | D:4      | Reached XP level 5. HP: 25/34 MP: 5/5
  2921 | D:4      | Noticed Edmund
  2990 | D:4      | Reached skill level 6 in Dodging
  3307 | D:3      | Noticed Jessica
  3315 | D:3      | Killed Jessica
  3315 | D:3      | Reached XP level 6. HP: 39/39 MP: 6/6
  3319 | D:3      | Found a deep blue altar of Sif Muna.
  3482 | D:4      | Found a shattered altar of Ashenzari.
  3535 | D:4      | Noticed a phantom
  3939 | D:4      | Reached skill level 7 in Dodging
  3979 | D:4      | Noticed Zwobot's ghost (average OpSk)
  4000 | D:4      | Killed Zwobot's ghost
  4058 | D:4      | Killed Edmund
  4058 | D:4      | Reached XP level 7. HP: 33/45 MP: 7/7
  4175 | D:4      | Found a snail-covered altar of Cheibriados.
  4176 | D:4      | Found an iron altar of Okawaru.
  4190 | D:4      | Found a basalt altar of Yredelemnul.
  4192 | D:4      | Found a bloodstained altar of Trog.
  4194 | D:4      | Found an ancient bone altar of Kikubaaqudgha.
  4389 | D:4      | Killed a phantom
  4528 | D:4      | Noticed an ogre
  4558 | D:4      | Killed an ogre
  4689 | D:5      | Entered Level 5 of the Dungeon
  4772 | D:5      | Reached XP level 8. HP: 47/52 MP: 8/8
  4932 | D:5      | Found a bloodstained altar of Trog.
  5450 | D:5      | Found Ygaol's Assorted Antiques.
  5454 | D:5      | Got a transparent marble ring
  5460 | D:5      | Bought a runed long sword for 66 gold pieces
  5460 | D:5      | Identified the ring of Ilumecaf {rPois Int+3 Dex+4} (You found it on level 5 of the Dungeon)
  5463 | D:5      | Bought 2 orange potions for 34 gold pieces
  5463 | D:5      | Bought a coppery potion for 17 gold pieces
  5463 | D:5      | Bought a fuming blue potion for 17 gold pieces
  5463 | D:5      | Bought a black potion for 17 gold pieces
  5463 | D:5      | Bought a scroll labeled JYIHUU TOCHOSK for 19 gold pieces
  5590 | D:5      | Reached skill level 5 in Fighting
  5859 | D:6      | Learned a level 2 spell: Blink
  6283 | D:6      | Found a staircase to the Ecumenical Temple.
  6292 | Temple   | Entered the Ecumenical Temple
  7176 | D:6      | Reached XP level 9. HP: 52/65 MP: 9/9
  7634 | D:8      | Learned a level 1 spell: Apportation
  7703 | D:8      | Reached skill level 1 in Stealth
  8002 | D:7      | Reached skill level 8 in Fighting
  8224 | D:7      | Found a shadowy altar of Dithmenos.
  8234 | D:7      | Became a worshipper of Dithmenos the Shadowed
  8281 | D:7      | Found a white marble altar of Elyvilon.
  8629 | D:7      | Found Wafos's Distillery.
  8637 | D:7      | Bought a potion of degeneration for 13 gold pieces
  8638 | D:7      | Bought a potion of cancellation for 104 gold pieces
  9115 | D:8      | Found a sparkling altar of Nemelex Xobeh.
  9116 | D:8      | Found an opulent altar of Gozag.
  9647 | D:8      | Reached skill level 5 in Long Blades
  9722 | D:8      | Noticed Psyche
 10110 | D:9      | Reached skill level 5 in Stealth
 10110 | D:9      | Reached XP level 10. HP: 45/73 MP: 10/10
 10307 | D:9      | Reached skill level 1 in Shields
 10589 | D:9      | Identified Sif Muna's Tome of Snow
 10657 | D:10     | Entered Level 10 of the Dungeon
 10657 | D:10     | Noticed Snorg
 11299 | D:10     | HP: 1/73 [Snorg (14)]
 11300 | D:10     | Mangled by Snorg

Vault maps used:
D:1:      dpeg_arrival_round_a
D:2:      zin_angel, uniq_crazy_yiuf_cottage
D:3:      vehumet_altar_wand_db, tgw_sif, uniq_natasha
D:4:      ashenzari_conservatory_becter, minitemple, lightli_sewer_entry_pipes,
          first_bread, uniq_edmund
D:5:      serial_shops, shop, basic_altar, hex_tiny
D:6:      minmay_temple_entry_fiery
D:7:      kennysheep_mini, nicolae_overflow_crystal_walls, serial_shops,
          nicolae_shop_crystal, bh_chokoban
D:8:      grunt_temple_overflow_opulence, blue_anna_alchemist,
          grunt_decor_arrowhead, uniq_psyche
D:10:     minmay_ruffians, uniq_snorg
Temple:   nicolae_temple_great_sept
Sewer:    sewer_frog_island_01

Action                   |  1- 3 |  4- 6 |  7- 9 | 10-12 || total
-------------------------+-------+-------+-------+-------++-------
Melee: Short sword       |    71 |   102 |   266 |    60 ||   499
       Long sword        |     5 |       |     3 |       ||     8
 Fire: Blowgun           |       |       |    25 |       ||    25
Throw: Throwing net      |     2 |       |     2 |     1 ||     5
       Stone             |       |    18 |    18 |       ||    36
 Cast: Apportation       |       |       |     7 |       ||     7
Evoke: Wand              |       |       |       |     4 ||     4
  Use: Scroll            |     8 |     1 |     5 |     2 ||    16
       Potion            |       |     1 |       |     2 ||     3
 Stab: Sleeping          |     6 |     7 |    12 |     3 ||    28
       Distracted        |       |     1 |     2 |     1 ||     4
       Held in net/web   |       |       |       |     1 ||     1
  Eat: Chunk             |     2 |     8 |    15 |     1 ||    26
       Royal jelly       |       |       |     1 |       ||     1
       Pizza             |       |       |     1 |       ||     1
       Beef jerky        |       |       |     1 |       ||     1
       Fruit             |       |       |       |     2 ||     2
